 Dungeon Crawl Stone Soup version 0.31-a0-986-g5e6e4ef867 (webtiles) character file.

Game seed: 18139482785243896139

36880 Arex the Fighter (level 13, 0/95 HPs)
             Began as an Octopode Fighter on Nov 9, 2023.
             Was an Initiate of Gozag.
             Slain by a spriggan rider
             ... wielding a +0 spear
              (10 damage)
             ... on level 5 of the Lair of Beasts.
             The game lasted 00:35:17 (15353 turns).

Arex the Fighter (Octopode Fighter)                Turns: 15353, Time: 00:35:17

Health: 0/95       AC:  9    Str: 22    XL:     13   Next: 93%
Magic:  22/22      EV: 22    Int: 18    God:    Gozag
Gold:   2265       SH:  0    Dex: 11    Spells: 12/12 levels left

rFire   + +          .
                       - Unarmed
rCold   + . .        a - melded +1 buckler
rNeg    . . .        (helmet restricted)
rPois   +            d - amulet of regeneration
rElec   .            h - +4 ring of protection
rCorr   .            m - +5 ring of evasion
SInv    .            s - ring "Zezeff" {rF+ MP+9}
Will    +++..        v - ring of protection from fire
Stlth   ++           e - ring of Cheibriados's Delight {rPois Will+}
HPRegen 1.15/turn    B - +4 ring of protection
MPRegen 0.18/turn    K - +4 ring of slaying
                     M - ring "Tyggusk" {rC+ Will++ Str+3 Int+6}

%: no passive effects
@: about to teleport, blade tentacles
A: almost no armour, amphibious, 8 rings, camouflage 1, gelatinous body 1,
(nimble swimmer 1), tentacles
a: Begin Untransformation, Renounce Religion, Potion Petition, Call Merchant,
Bribe Branch


You were on level 5 of the Lair of Beasts.
You worshipped Gozag.
Gozag was most pleased with you.
You had blades for main tentacles.
You visited 4 branches of the dungeon, and saw 17 of its levels.

You collected 3700 gold pieces.
You spent 584 gold pieces at shops.
You paid 851 gold pieces to Gozag.

Inventory:

Hand Weapons
 i - a +1 scimitar of flaming
 R - the +8 demon trident "Rift" {distort, reach+}
   (You took it off an orc warrior on level 9 of the Dungeon)
Missiles
 N - 2 throwing nets
Armour
 a - a +1 buckler (melded)
Jewellery
 d - an amulet of regeneration (around mantle)
 e - the ring of Cheibriados's Delight (on tentacle) {rPois Will+}
   (You bought it in a shop on level 8 of the Dungeon)

   [ring of willpower]

   rPois:     It protects you from poison Will+: It increases your willpower.
 h - a +4 ring of protection (left blade tentacle)
 m - a +5 ring of evasion (right blade tentacle)
 s - the ring "Zezeff" (on tentacle) {rF+ MP+9}
   (You found it on level 5 of the Dungeon)

   [ring of magical power]

   rF+:       It protects you from fire.
   MP+9:      It affects your magic capacity (+9).
 v - a ring of protection from fire (on tentacle)
 y - a ring of positive energy
 B - a +4 ring of protection (on tentacle)
 E - a ring of flight
 H - a ring of protection from fire
 K - a +4 ring of slaying (on tentacle)
 L - a ring of ice
 M - the ring "Tyggusk" (on tentacle) {rC+ Will++ Str+3 Int+6}
   (You found it on level 1 of the Lair of Beasts)

   [ring of intelligence]

   Str+3:     It affects your strength (+3).
   Int+6:     It affects your intelligence (+6).
   rC+:       It protects you from cold.
   Will++:    It greatly increases your willpower.
 O - a ring of willpower
 Q - a ring of resist corrosion
Talismans
 o - a blade talisman (active)
 I - a serpent talisman
Wands
 n - a wand of digging (6)
 F - a wand of flame (3)
 J - a wand of iceblast (10)
Scrolls
 b - a scroll of noise
 c - a scroll of fear
 j - 2 scrolls of blinking
 k - a scroll of identify
 l - 6 scrolls of vulnerability
 w - a scroll of silence
 x - a scroll of enchant armour
 C - 5 scrolls of teleportation
 G - 3 scrolls of revelation
Potions
 f - 3 potions of attraction
 g - 3 potions of brilliance
 p - 2 potions of enlightenment
 q - a potion of lignification
 r - 3 potions of heal wounds
 t - 10 potions of curing
 u - 3 potions of mutation
 z - 2 potions of might
 D - a potion of ambrosia
 P - a potion of invisibility
Miscellaneous
 S - a phantom mirror


   Skills:
 - Level 11.3 Fighting
 - Level 11.3 Dodging
 - Level 9.0 Shields
 - Level 11.1 Unarmed Combat
 - Level 3.3 Evocations
 * Level 10.8 Shapeshifting


You had 12 spell levels left.
You didn't know any spells.
Your spell library contained the following spells:

 Spells                   Type           Power      Damage    Failure   Level
 Sting                    Tmut/Pois      0%         1d3       22%         1
 Summon Small Mammal      Summ           0%         N/A       22%         1
 Blink                    Tloc           0%         N/A       32%         2
 Scorch                   Fire           0%         2d5       32%         2
 Sublimation of Blood     Necr           0%         N/A       32%         2
 Wereblood                Tmut           0%         N/A       32%         2
 Call Canine Familiar     Summ           0%         N/A       54%         3
 Confusing Touch          Hex            0%         N/A       54%         3
 Inner Flame              Hex/Fire       0%         N/A       54%         3
 Ozocubu's Armour         Ice            0%         N/A       54%         3
 Sigil of Binding         Hex            0%         N/A       54%         3
 Summon Guardian Golem    Hex/Summ       0%         N/A       54%         3
 Teleport Other           Tloc           0%         N/A       54%         3
 Tukima's Dance           Hex            0%         N/A       54%         3
 Volatile Blastmotes      Fire/Tloc      0%         2d10      54%         3
 Brom's Barrelling Bould  Conj/Erth      0%         2d3       91%         4
 Dimensional Bullseye     Hex/Tloc       0%         N/A       91%         4
 Fulminant Prism          Conj/Hex       0%         3d5       91%         4
 Iskenderun's Mystic Bla  Conj/Tloc      0%         2d3       91%         4
 Manifold Assault         Tloc           0%         N/A       91%         4
 Fireball                 Conj/Fire      0%         3d3       99%         5
 Iskenderun's Battlesphe  Conj           0%         2d6       99%         5
 Summon Forest            Summ/Tloc      0%         N/A       99%         5
 Conjure Ball Lightning   Conj/Air       0%         3x3d6     100%        6
 Orb of Destruction       Conj           0%         9d5       100%        7
 Ozocubu's Refrigeration  Ice            0%         4d7       100%        7
 Summon Hydra             Summ           0%         N/A       100%        7


Dungeon Overview and Level Annotations

Branches:
Dungeon (10/15)            Temple (1/1) D:5            Lair (5/5) D:10
 Shoals (0/4) Lair:2        Snake (1/4) Lair:2        Slime (0/5) Lair:4
    Orc (0/2) D:10

Altars:
Ashenzari
Dithmenos
Elyvilon
Fedhas
Gozag
Hepliaklqana
Kikubaaqudgha
Makhleb
Nemelex Xobeh
Okawaru
Qazlal
Ru
Sif Muna
Trog
Uskayaw
Vehumet
Wu Jian
Xom
Yredelemnul
Zin
The Shining One

Shops:
D:8 =   D:9 ?   D:10 :

Annotations:
D:9 Erolcha
Lair:1 Sonja
Lair:2 1 runed translucent door, FakeRyeBread's ghost, journeyman TrFi


Innate Abilities, Weirdness & Mutations

You have blades for main tentacles.
You are incapable of wielding weapons or throwing items.
You cannot wear most types of armour.
You are amphibious.
You can wear up to eight rings at the same time.
Your skin changes colour to match your surroundings (Stealth+).
Your rubbery body absorbs attacks. (AC +1, EV +1)
((You are camouflaged when in or above water. (Stealth+)))
You have tentacles for arms and can constrict up to eight enemies at once.


Message History

A polar bear comes into view.
The polar bear completely misses you. The polar bear closely misses you. x2
You slice the polar bear!! You slash the polar bear.
You kill the polar bear!
The spriggan rider hits you from afar with a +0 spear.
Aiming: Phantom Mirror
Press: ? - help, Dir - move target, f - spriggan rider
Aim: a spriggan rider, wielding a +0 spear
Okay, then.
Okay, then.
The air fills with toxic fumes!
As you read the scroll of poison, it crumbles to dust.
The spriggan is no longer distracted by gold.
The spriggan rider barely misses you.
The spriggan is distracted by your dazzling golden aura.
The polar bear is engulfed in poison gas.
The polar bear is poisoned.
The black mamba is distracted by your dazzling golden aura.
Found a potion of enlightenment.
The spriggan is no longer distracted by gold.
The spriggan is distracted by your dazzling golden aura.
The spriggan rider is engulfed in poison gas.
The spriggan rider is poisoned.
The spriggan rider is engulfed in poison gas.
The spriggan rider looks even sicker.
Items here: )) [[.
The spriggan rider hits you from afar with a +0 spear.
The spriggan rider attacks as it pursues you!
The spriggan rider hits you from afar with a +0 spear!
The spriggan rider hits you from afar with a +0 spear!!
As you read the scroll of teleportation, it crumbles to dust.
You feel strangely unstable.
The spriggan rider hits you from afar with a +0 spear!
* * * LOW HITPOINT WARNING * * *
The spriggan hits you with a +0 short sword!
* * * LOW HITPOINT WARNING * * *
The spriggan rider attacks as it pursues you!
The spriggan rider hits you from afar with a +0 spear!
You die...
Your body crumbles into a pile of gold.

...............................♣
..............................♣♣♣
............................#...♣
............................#♣♣.♣
.....)...##...........).....# ♣..
..........####..##.........♣♣ ♣♣.
..........###...#..........♣ ♣.
.........##.##...##......P♣♣ ♣.
...........###..@.........♣ ♣.
...........##...#.i.......♣ ♣.
...........##.....i.......♣ ♣.
....####.#.......#........♣ ♣.
...## ###...#..####...).♣♣ ♣.
..## ####.### #....♣♣ ♣♣. .#.#
### ###..#♣♣♣ ♣.. ####
##)...♣♣♣♣.. #.#.....♣..♣


You could see a spriggan rider (poisoned) and a spriggan.

Vanquished Creatures
  3 hydras
  A demonic crawler (Lair:5)
  A skyshark (Lair:4)
  Joseph (D:10)
  14 elephants
  2 black mambas (Lair:4)
  A torpor snail (Lair:5)
  5 rime drakes
  8 cane toads
  An efreet (D:9)
  5 komodo dragons
  2 trolls (D:10)
  4 merfolk (Lair:2)
  2 polar bears
  5 hornets
  6 dream sheep (Lair:5)
  14 blink frogs
  Sigmund (D:2)
  4 slime creatures
  A shadow (D:10)
  Eustachio (D:4)
  5 spriggans (Lair:5)
  7 wyverns
  19 yaks
  2 basilisks
  A steam dragon (D:9)
  Menkaure (D:6)
  3 nagas (Lair:2)
  4 swamp worms (Lair:5)
  16 water moccasins
  5 orc warriors
  2 sky beasts
  3 black bears
  2 ogres
  34 wolves
  3 centaurs
  A boggart (Lair:5)
  2 phantoms
  22 bullfrogs
  2 scorpions (D:4)
  5 wights
  9 killer bees
  6 howler monkeys
  An electric eel (D:10)
  2 hounds (D:10)
  4 jellies
  4 orc priests
  A gnoll bouda (D:8)
  Crazy Yiuf (D:3)
  2 iguanas
  5 orc wizards
  3 sleepcaps
  Robin (D:2)
  4 gnolls (D:8)
  8 adders
  3 shadow imps
  2 white imps
  6 ufetubi
  35 orcs
  5 ball pythons
  2 bats (D:3)
  7 endoplasms
  A giant cockroach (D:4)
  20 goblins
  10 hobgoblins
  9 jackals
  8 kobolds
  3 quokkas
  2 frilled lizards
  6 rats
391 creatures vanquished.

Vanquished Creatures (others)
  2 boggarts (Lair:5)
  An orc wizard (D:8)
3 creatures vanquished.

Grand Total: 394 creatures vanquished

Notes
Turn   | Place    | Note
-------+----------+-------------------------------------------
     0 | D:1      | Arex the Octopode Fighter began the quest for the Orb.
     0 | D:1      | Reached XP level 1. HP: 16/16 MP: 1/1
   264 | D:1      | Reached XP level 2. HP: 21/21 MP: 2/2
   839 | D:2      | Noticed Robin
   903 | D:2      | Reached XP level 3. HP: 26/26 MP: 3/3
  1203 | D:2      | Noticed Sigmund
  1216 | D:2      | Killed Sigmund
  1217 | D:2      | Reached XP level 4. HP: 10/33 MP: 4/4
  1217 | D:2      | Reached XP level 5. HP: 11/37 MP: 5/5
  1319 | D:2      | Reached XP level 6. HP: 43/43 MP: 6/6
  1600 | D:2      | Killed Robin
  2187 | D:3      | Found a runed translucent door.
  2188 | D:3      | Noticed Crazy Yiuf
  2296 | D:4      | Identified the "Ankosh"
  2330 | D:4      | Noticed Eustachio
  2415 | D:4      | Reached XP level 7. HP: 48/49 MP: 7/7
  2753 | D:5      | Entered Level 5 of the Dungeon
  2807 | D:5      | Found a staircase to the Ecumenical Temple.
  3128 | Temple   | Entered the Ecumenical Temple
  3134 | Temple   | Became a worshipper of Gozag Ym Sagoz the Greedy
  3168 | D:5      | Reached skill level 5 in Fighting
  3211 | D:5      | Identified the ring "Zezeff" {rF+ MP+9}
  3436 | D:5      | Reached skill level 5 in Dodging
  3436 | D:5      | Reached skill level 5 in Shields
  3998 | D:6      | Reached XP level 8. HP: 55/55 MP: 8/8
  4129 | D:6      | Reached skill level 5 in Unarmed Combat
  4288 | D:6      | Noticed Menkaure
  4300 | D:6      | Killed Menkaure
  4657 | D:6      | Found a sacrificial altar of Ru.
  4745 | D:7      | Identified the of Jienaovics
  4777 | D:7      | Reached XP level 9. HP: 62/62 MP: 9/9
  4850 | D:4      | Killed Eustachio
  5527 | D:7      | Found a sparkling altar of Nemelex Xobeh.
  5672 | D:3      | Killed Crazy Yiuf
  6011 | D:8      | Found a shadowy altar of Dithmenos.
  6069 | D:8      | Found an iron altar of Okawaru.
  6233 | D:8      | Found a basalt altar of Yredelemnul.
  6380 | D:8      | Noticed a hornet
  6386 | D:8      | Killed a hornet
  6657 | D:9      | Noticed an efreet
  6679 | D:8      | Reached XP level 10. HP: 71/71 MP: 10/10
  6732 | D:9      | Found Fopreuxt's Magic Scroll Shoppe.
  6775 | D:9      | Bought a scroll of identify for 24 gold pieces
  6775 | D:9      | Bought a scroll of revelation for 90 gold pieces
  6801 | D:9      | Noticed Erolcha
  7125 | D:9      | Noticed a cyclops
  7255 | D:9      | Noticed a two-headed ogre
  7413 | D:10     | Entered Level 10 of the Dungeon
  7556 | D:10     | Found a staircase to the Lair.
  7686 | D:10     | Found Otad's Book Shoppe.
  7687 | D:10     | Noticed Joseph
  7697 | D:10     | Killed Joseph
  7727 | D:10     | Reached XP level 11. HP: 62/78 MP: 11/11
  7767 | D:10     | Paralysed by a hornet for 2 turns
  7775 | D:10     | Found a burning altar of Makhleb.
  8149 | D:10     | Found a staircase to the Orcish Mines.
  8449 | D:9      | Noticed a six-headed hydra
  8457 | D:8      | Reached skill level 1 in Evocations
  8521 | D:8      | Bought the ring of Cheibriados's Delight {rPois Will+} for
                  | 470 gold pieces
  8631 | Lair:1   | Entered Level 1 of the Lair of Beasts
  8698 | D:10     | Reached skill level 1 in Shapeshifting
  8915 | Lair:1   | Noticed Sonja
  9318 | Lair:1   | Identified the ring "Tyggusk" {rC+ Will++ Str+3 Int+6}
 10040 | Lair:2   | Found a runed translucent door.
 10041 | Lair:2   | Noticed FakeRyeBread's ghost (journeyman TrFi)
 10043 | Lair:2   | Found a staircase to the Snake Pit.
 10450 | Lair:2   | Reached XP level 12. HP: 87/87 MP: 12/12
 10677 | Lair:2   | Found a staircase to the Shoals.
 10687 | Lair:2   | Reached skill level 5 in Shapeshifting
 11196 | Lair:3   | Reached skill level 10 in Fighting
 11196 | Lair:3   | Reached skill level 10 in Dodging
 11667 | Lair:3   | Reached skill level 10 in Unarmed Combat
 12458 | Lair:4   | Identified the of Vemu
 12468 | Lair:4   | Noticed a four-headed hydra
 12603 | D:9      | Killed a three-headed hydra
 12965 | D:9      | Noticed a centaur warrior
 13008 | D:9      | Identified the ring of Elyvilon's Respect {rPois MP+9
                  | Dex+3}
 13019 | D:9      | Identified the staff of False Hope {rPois rC+ rCorr Str+3
                  | Poison}
 13192 | Snake:1  | Entered Level 1 of the Snake Pit
 13374 | Lair:4   | Killed a three-headed hydra
 13414 | Lair:4   | Reached XP level 13. HP: 94/94 MP: 13/13
 13535 | Lair:4   | Found a broken altar of Ashenzari.
 13671 | Lair:4   | Found a staircase to the Slime Pits.
 14091 | Lair:5   | Entered Level 5 of the Lair of Beasts
 14881 | Lair:5   | Reached skill level 10 in Shapeshifting
 15353 | Lair:5   | Slain by a spriggan rider

Illustrated notes

Levels and vault maps discovered:
D:1:      dpeg_arrival_radiant, layout_loops_ring
D:2:      layout_basic, serial_park_tiny_1, nicolae_twisty_statue_hallways,
          uniq_sigmund, uniq_robin
D:3:      layout_loops_cross, uniq_crazy_yiuf_cottage
D:4:      layout_rooms, uniq_eustachio
D:5:      layout_loops_corners, minmay_temple_entry_large_hall,
          chequers_serial_rivers_large_b
D:6:      layout_loops_ring, lemuel_tele_altar, uniq_menkaure
D:7:      layout_rooms, mainiacjoe_overflow_alcove_1, eino_tiny_chamber
D:8:      layout_basic, okawaru_altar_gauntlet_db,
          grunt_dithmenos_smoke_and_mirrors, mainiacjoe_overflow_boulevard
D:9:      minmay_the_grid_octo_tiled_squarecenter [minmay_the_grid_octo_chip,
          minmay_the_grid_octo_vomiting_pacman, minmay_the_grid_octo_pinwheel,
          minmay_the_grid_octo_teeth,
          minmay_the_grid_square_5x5_megaprize_diamond,
          minmay_the_grid_square_5x5_minimal, minmay_the_grid_square_5x5_v,
          minmay_the_grid_square_5x5_hollow_slash,
          minmay_the_grid_square_5x5_mess], layout_basic,
          kennysheep_slug_shrine, serial_shops, shop, uniq_erolcha
D:10:     layout_basic, kennysheep_mini, erik_lair_island, serial_shops, shop,
          uniq_joseph
Temple:   nicolae_temple_no_exploring_needed
Lair:1:   layout_regular_city, grunt_megastairs_3, uniq_sonja
Lair:2:   layout_cave_shapes, elwin_shoals_entry_stream,
          minmay_snake_entry_guardpost_small, gammafunk_ghost_grave
Lair:3:   layout_layer_cave, st_stairs_6
Lair:4:   layout_roguey, minmay_slime_entry_pillars, basic_altar, minivault_23
Lair:5:   minmay_lair_end_enchanted_forest, layout_gridlike, worms_lemuel
Snake:1:  layout_onion_interference, hellmonk_ghost_happy_afterlife, drop_trap,
          uniq_josephine

Skill      XL: |  1  2  3  4  5  6  7  8  9 10 11 12 13 |
---------------+----------------------------------------+-----
Fighting       | 4 5 6 7 8 9 10 11 | 11.3
Dodging        | 4 5 6 7 8 9 10 11 | 11.3
Shields        | 4 5 6 7 8 9 |  9.0
Unarmed Combat | 3 4 5 7 8 9 10 11 | 11.1
Evocations     | 3 |  3.3
Shapeshifting  | 4 7 10 | 10.8

Action                     |  1- 3 |  4- 6 |  7- 9 | 10-12 | 13-15 || total
---------------------------+-------+-------+-------+-------+-------++-------
  Melee: Unarmed           |    86 |   106 |   286 |   530 |   309 ||  1317
         Constrict         |    17 |    28 |    59 |    72 |    51 ||   227
         Tentacles         |    16 |    21 |    70 |   140 |   101 ||   348
         Punch             |       |     3 |    18 |    48 |    29 ||    98
         Scimitar          |       |       |       |     6 |     7 ||    13
  Throw: Javelin           |       |     7 |    18 |     3 |       ||    28
 Invoke: Call Merchant     |       |       |     1 |       |       ||     1
  Evoke: Wand              |       |       |       |    22 |     2 ||    24
    Use: Potion            |     3 |       |     1 |     3 |       ||     7
         Scroll            |       |     5 |     7 |    11 |     2 ||    25
   Stab: Sleeping          |     4 |     2 |     3 |     5 |       ||    14
         Distracted        |       |       |       |     3 |     3 ||     6
 Armour: Skin              |    30 |    38 |    86 |   229 |   137 ||   520
  Dodge: Dodged            |    38 |    74 |   168 |   368 |   260 ||   908
  Block: Buckler           |    14 |    26 |    56 |   166 |   108 ||   370
   Form: Blade             |       |       |       |       |     1 ||     1

Table legend: (Time is in decaauts)
 A = Elapsed time spent in this place.
 B = Non-inter-level travel time spent in this place.
 C = Inter-level travel time spent in this place.
 D = Time resting spent in this place.
 E = Time spent auto-exploring this place.
 F = Levels seen in this place.
 G = Mean time per level.
                   A        B        C        D        E       F      G
               +--------+--------+--------+--------+--------+-----+--------+
         Total |  15239 |  14042 |   1197 |   1922 |   8231 |  17 |  896.4 |
       Dungeon |   9181 |   8384 |    797 |   1058 |   4918 |  10 |  918.1 |
        Temple |     15 |      5 |     10 |      0 |      0 |   1 |   15.0 |
          Lair |   6041 |   5651 |    390 |    864 |   3313 |   5 | 1208.2 |
     Snake Pit |      1 |      1 |      0 |      0 |      0 |   1 |    1.0 |
               +--------+--------+--------+--------+--------+-----+--------+

Top non-repeatable levels by time:
    D:10: 1385 daAuts
  Lair:1: 1375 daAuts
     D:5: 1308 daAuts
  Lair:3: 1307 daAuts
  Lair:2: 1298 daAuts
     D:8: 1098 daAuts
  Lair:5: 1073 daAuts
  Lair:4: 985 daAuts
     D:6: 880 daAuts
     D:2: 880 daAuts
     D:9: 872 daAuts
     D:1: 762 daAuts
     D:7: 719 daAuts
     D:3: 707 daAuts
     D:4: 567 daAuts
